 Dungeon Crawl Stone Soup version 0.21.1-1-g345015f (webtiles) character file.

3665 vatarom the Nimble (level 10, 0/80 HPs)
             Began as a Gnoll Monk on Apr 21, 2018.
             Was a Believer of Qazlal.
             Slain by a shadow imp (1 damage)
             ... on level 8 of the Dungeon.
             The game lasted 00:15:56 (6632 turns).

vatarom the Nimble (Gnoll Monk)                     Turns: 6632, Time: 00:15:56

Health: 0/80       AC:  5    Str: 19    XL:     10   Next: 12%
Magic:  21/26      EV: 18    Int: 13    God:    Qazlal [**....]
Gold:   178        SH:  3    Dex: 22    Spells: 18/18 levels left

rFire    . . .     SeeInvis .   v - +2 long sword (holy)
rCold    . . .     Gourm    .   (no shield)
rNeg     + + .     Faith    .   a - +1 ring mail of Brilliance {rN+ Dex+5}
rPois    .         Spirit   .   (no helmet)
rElec    +         Reflect  .   (no cloak)
rCorr    .         Harm     .   (no gloves)
MR       .....                  f - +1 pair of boots
Stlth    ++........             g - amulet "Mim Hucaxe" {+Rage rElec rN+ MP+9}
HPRegen  0.23/turn              l - +2 ring of strength
MPRegen  0.20/turn              (no ring)

@: corroded
A: distributed training, fangs 1, strong nose
a: Upheaval, Renounce Religion, Evoke Berserk Rage


You were on level 8 of the Dungeon.
You worshipped Qazlal.
Qazlal was pleased with you.
You were not hungry.

You visited 2 branches of the dungeon, and saw 10 of its levels.

You collected 425 gold pieces.
You spent 247 gold pieces at shops.

Inventory:

Hand Weapons
 o - a +1 scythe of flaming
 v - a +2 long sword of holy wrath (weapon)
Missiles
 b - a throwing net (quivered)
Armour
 a - the +1 ring mail of Brilliance (worn) {rN+ Dex+5}
   (You bought it in a shop on level 7 of the Dungeon)

   It affects your dexterity (+5).
   It protects you from negative energy.
 f - a +1 pair of boots (worn)
Jewellery
 g - the amulet "Mim Hucaxe" (around neck) {+Rage rElec rN+ MP+9}
   (You found it on level 4 of the Dungeon)

   [amulet of rage]

   It insulates you from electricity.
   It protects you from negative energy.
   It affects your magic capacity (+9).
   It lets you go berserk.
 h - an uncursed amulet of faith
 l - a +2 ring of strength (left hand)
Wands
 q - a wand of disintegration (11)
Scrolls
 c - a scroll of blinking
 d - 3 scrolls of enchant armour
 e - a scroll of teleportation
 i - 2 scrolls of magic mapping
 k - a scroll of amnesia
 n - a scroll of remove curse
 p - 2 scrolls of noise {unknown}
 u - 3 scrolls of identify
 w - a scroll of fear
Potions
 m - a potion of resistance
Comestibles
 s - 6 rations


   Skills:
 + Level 8.2 Fighting
 + Level 4.9 Short Blades
 + Level 8.2 Long Blades
 + Level 4.9 Axes
 + Level 4.9 Maces & Flails
 + Level 4.9 Polearms
 + Level 4.9 Staves
 + Level 4.9 Slings
 + Level 4.9 Bows
 + Level 4.9 Crossbows
 + Level 4.9 Throwing
 + Level 4.9 Armour
 + Level 8.2 Dodging
 + Level 6.5 Stealth
 + Level 4.9 Shields
 + Level 4.9 Unarmed Combat
 + Level 4.9 Spellcasting
 + Level 4.0 Conjurations
 + Level 4.0 Hexes
 + Level 4.0 Charms
 + Level 4.0 Summonings
 + Level 4.0 Necromancy
 + Level 4.0 Translocations
 + Level 4.0 Transmutations
 + Level 4.0 Fire Magic
 + Level 4.0 Ice Magic
 + Level 4.0 Air Magic
 + Level 4.0 Earth Magic
 + Level 4.0 Poison Magic
 + Level 5.3 Invocations
 + Level 4.9 Evocations


You had 18 spell levels left.
You didn't know any spells.

Dungeon Overview and Level Annotations

Branches:
Dungeon (9/15)             Temple (1/1) D:7
   Lair: D:8-11         Orc: D:9-12

Altars:
Ashenzari
Cheibriados
Dithmenos
Elyvilon
Fedhas
Gozag
Hepliaklqana
Kikubaaqudgha
Makhleb
Nemelex Xobeh
Okawaru
Qazlal
Ru
Sif Muna
Trog
Uskayaw
Vehumet
Wu Jian
Xom
Yredelemnul
Zin
The Shining One

Shops:
D:4 }}!?   D:7 [?=[

Annotations:
D:4 Verendum's ghost, novice MiGl


Innate Abilities, Weirdness & Mutations

Your experience applies equally to all skills.
You have very sharp teeth.
Your uncanny sense of smell can sniff out nearby items.


Message History

The orc wizard points at you and mumbles some strange words.
The puff of flame hits you!
* * * LOW HITPOINT WARNING * * *
The shadow imp closely misses you.
Unknown command. 2 orcs and a crimson imp come into view.
The orc shouts!
You hear a shout! x2
The orc wizard hits you with a dagger.
* * * LOW HITPOINT WARNING * * *
You block the orc's attack.
Unknown command.
You closely miss the orc wizard.
The orc wizard gestures at you while chanting.
The magic dart hits you!
* * * LOW HITPOINT WARNING * * *
You block the orc's attack. The orc wizard completely misses you.
You riposte.
You hit the orc wizard.
The orc wizard is moderately wounded.
The shadow imp hits you.
You die...

..... ..# ∆ ....##.. ∆
......#######
...5.#o@5..# . #
..#.#o###.#.. ..#.
#.#.#o# ....
...#.####.#.#o# y.J...
.............5#.......#
...#......#.....J5.....
##.......##.......... .
#..................#.
#+#......##........#


You could see an orc wizard, a crimson imp, a shadow imp and 3 orcs.

Vanquished Creatures
  The ghost of raikaria the Vexing, a novice GnAM of Okawaru (D:7)
  Grinder (D:3)
  Sigmund (D:7)
  A spriggan (D:7)
  2 hungry ghosts
  Edmund (D:7)
  A sky beast (D:7)
  An orc warrior (D:7)
  A phantom (D:5)
  4 ogres
  An ice beast (D:8)
  3 centaurs
  A big kobold (D:7)
  A bullfrog (D:6)
  3 scorpions (D:7)
  8 killer bees
  A howler monkey (D:8)
  2 crimson imps
  3 quasits
  3 hounds
  6 orc priests
  A jelly (D:8)
  2 orc wizards
  2 centaur skeletons
  Ijyb (D:3)
  An iguana (D:4)
  2 worker ants
  A howler monkey skeleton (D:3)
  5 adders
  An ooze (D:2)
  2 adder skeletons
  A worm (D:4)
  2 dart slugs
  2 leopard geckos
  19 orcs
  6 giant cockroaches
  4 goblins
  3 hobgoblins
  2 jackals (D:6)
  8 kobolds
  5 quokkas
  A ball python (D:4)
  2 bats (D:2)
  3 frilled lizards
  A jackal skeleton (D:8)
  A quokka zombie (D:7)
  10 rats
134 creatures vanquished.

Notes
Turn   | Place    | Note
-------+----------+-------------------------------------------
     0 | D:1      | vatarom the Gnoll Monk began the quest for the Orb.
     0 | D:1      | Reached XP level 1. HP: 23/23 MP: 1/1
    94 | D:1      | Reached XP level 2. HP: 29/29 MP: 2/2
   541 | D:1      | You fall through a shaft!
   759 | D:2      | Reached XP level 3. HP: 35/35 MP: 3/3
  1357 | D:3      | Reached skill level 1 in Invocations
  1365 | D:3      | Reached skill level 1 in Short Blades
  1365 | D:3      | Reached skill level 1 in Axes
  1365 | D:3      | Reached skill level 1 in Maces & Flails
  1365 | D:3      | Reached skill level 1 in Polearms
  1365 | D:3      | Reached skill level 1 in Staves
  1365 | D:3      | Reached skill level 1 in Slings
  1365 | D:3      | Reached skill level 1 in Bows
  1365 | D:3      | Reached skill level 1 in Crossbows
  1365 | D:3      | Reached skill level 1 in Throwing
  1365 | D:3      | Reached skill level 1 in Armour
  1365 | D:3      | Reached skill level 1 in Shields
  1365 | D:3      | Reached skill level 1 in Unarmed Combat
  1365 | D:3      | Reached skill level 1 in Spellcasting
  1365 | D:3      | Reached skill level 1 in Evocations
  1495 | D:3      | Reached XP level 4. HP: 38/41 MP: 5/5
  1539 | D:3      | Noticed Ijyb
  1566 | D:3      | Killed Ijyb
  1813 | D:3      | Reached skill level 1 in Conjurations
  1813 | D:3      | Reached skill level 1 in Hexes
  1813 | D:3      | Reached skill level 1 in Charms
  1813 | D:3      | Reached skill level 1 in Summonings
  1813 | D:3      | Reached skill level 1 in Necromancy
  1813 | D:3      | Reached skill level 1 in Translocations
  1813 | D:3      | Reached skill level 1 in Transmutations
  1813 | D:3      | Reached skill level 1 in Fire Magic
  1813 | D:3      | Reached skill level 1 in Ice Magic
  1813 | D:3      | Reached skill level 1 in Air Magic
  1813 | D:3      | Reached skill level 1 in Earth Magic
  1813 | D:3      | Reached skill level 1 in Poison Magic
  1911 | D:3      | Reached XP level 5. HP: 7/47 MP: 5/7
  2172 | D:3      | Noticed Grinder
  2175 | D:3      | Paralysed by Grinder for 6 turns
  2188 | D:3      | Paralysed by Grinder for 6 turns
  2200 | D:3      | Paralysed by Grinder for 6 turns
  2217 | D:3      | Killed Grinder
  2217 | D:3      | Reached XP level 6. HP: 34/53 MP: 8/8
  2422 | D:4      | Noticed Verendum's ghost (novice MiGl)
  2473 | D:4      | Found Kecol's Magic Scroll Boutique.
  2735 | D:4      | Found Elyten's Gadget Emporium.
  2754 | D:4      | Reached XP level 7. HP: 41/59 MP: 10/10
  2941 | D:4      | Found Foj Kid's Distillery.
  3280 | D:4      | Got a pitted tin amulet
  3291 | D:4      | Identified the amulet "Mim Hucaxe" {+Rage rElec rN+ MP+9} (You found it on level 4 of the Dungeon)
  3325 | D:4      | Found Cyremaiq's Gadget Shoppe.
  3384 | D:4      | Found a glowing silver altar of Zin.
  3385 | D:4      | Noticed an angel
  3394 | D:5      | Entered Level 5 of the Dungeon
  3405 | D:5      | Noticed a water elemental
  3407 | D:5      | Found a stormy altar of Qazlal.
  3408 | D:5      | Noticed a fire elemental
  3408 | D:5      | Noticed an air elemental
  3440 | D:5      | Became a worshipper of Qazlal Stormbringer
  3440 | D:5      | Reached * piety under Qazlal
  3440 | D:5      | Reached ** piety under Qazlal
  3599 | D:5      | Reached skill level 5 in Stealth
  3860 | D:5      | Reached XP level 8. HP: 60/67 MP: 12/12
  4774 | D:6      | Noticed an eight-headed hydra
  5330 | D:7      | Found a staircase to the Ecumenical Temple.
  5356 | Temple   | Entered the Ecumenical Temple
  5668 | D:7      | Found Sair's Antique Armour Shop.
  5671 | D:7      | Bought a polished ring mail for 198 gold pieces
  5681 | D:7      | Identified the +1 ring mail of Brilliance {rN+ Dex+5} (You bought it in a shop on level 7 of the Dungeon)
  5731 | D:7      | Reached XP level 9. HP: 58/72 MP: 14/14
  5799 | D:7      | Found Hamyvyzo's Jewellery Boutique.
  5807 | D:7      | Noticed raikaria's ghost (novice GnAM)
  5848 | D:7      | Noticed Sigmund
  5861 | D:7      | Killed Sigmund
  5953 | D:7      | Killed raikaria's ghost
  5971 | D:7      | Noticed Edmund
  5980 | D:7      | Killed Edmund
  6016 | D:7      | Found Loiteroepn's Magic Scroll Shop.
  6024 | D:7      | Bought a scroll of fear for 49 gold pieces
  6166 | D:7      | Found Vouqo's Antique Armour Boutique.
  6346 | D:7      | Reached skill level 5 in Invocations
  6538 | D:8      | Reached XP level 10. HP: 80/80 MP: 17/17
  6540 | D:8      | Reached *** piety under Qazlal
  6632 | D:8      | HP: 1/80 [orc wizard/magic dart (7)]
  6632 | D:8      | Slain by a shadow imp

Skill      XL: |  1  2  3  4  5  6  7  8  9 10 |
---------------+-------------------------------+-----
Invocations    | 1 2 3 4 5 |  5.3
Short Blades   | 1 2 3 4 |  4.9
Axes           | 1 2 3 4 |  4.9
Maces & Flails | 1 2 3 4 |  4.9
Polearms       | 1 2 3 4 |  4.9
Staves         | 1 2 3 4 |  4.9
Slings         | 1 2 3 4 |  4.9
Bows           | 1 2 3 4 |  4.9
Crossbows      | 1 2 3 4 |  4.9
Throwing       | 1 2 3 4 |  4.9
Armour         | 1 2 3 4 |  4.9
Shields        | 1 2 3 4 |  4.9
Unarmed Combat | 1 2 3 4 |  4.9
Spellcasting   | 1 2 3 4 |  4.9
Evocations     | 1 2 3 4 |  4.9
Conjurations   | 1 2 3 4 |  4.0
Hexes          | 1 2 3 4 |  4.0
Charms         | 1 2 3 4 |  4.0
Summonings     | 1 2 3 4 |  4.0
Necromancy     | 1 2 3 4 |  4.0
Translocations | 1 2 3 4 |  4.0
Transmutations | 1 2 3 4 |  4.0
Fire Magic     | 1 2 3 4 |  4.0
Ice Magic      | 1 2 3 4 |  4.0
Air Magic      | 1 2 3 4 |  4.0
Earth Magic    | 1 2 3 4 |  4.0
Poison Magic   | 1 2 3 4 |  4.0
Fighting       | 7 8 |  8.2
Long Blades    | 7 8 |  8.2
Dodging        | 7 8 |  8.2
Stealth        | 5 6 |  6.5

Action                   |  1- 3 |  4- 6 |  7- 9 | 10-12 || total
-------------------------+-------+-------+-------+-------++-------
Melee: Falchion          |    69 |    89 |   142 |       ||   300
       Bite              |     5 |    10 |    42 |    12 ||    69
       Punch             |       |       |     9 |       ||     9
       Long sword        |       |       |   127 |    43 ||   170
Invok: Upheaval          |       |       |     2 |     2 ||     4
Evoke: Box of beasts     |       |       |     3 |       ||     3
       Wand              |       |       |     2 |       ||     2
  Use: Scroll            |     3 |       |    11 |       ||    14
       Potion            |     1 |     9 |     3 |     2 ||    15
 Stab: Sleeping          |     6 |     3 |     2 |       ||    11
  Eat: Ration            |     1 |     1 |     2 |     1 ||     5
       Chunk             |       |       |     6 |       ||     6
Armor: Robe              |     6 |    10 |     6 |       ||    22
       Skin              |       |     6 |     6 |       ||    12
       Leather armour    |       |       |     9 |       ||     9
       Ring mail         |       |       |    31 |    10 ||    41
Dodge: Dodged            |    40 |    62 |   207 |    63 ||   372
Block: Other             |       |       |    37 |    12 ||    49
       Rpst.: Falchion   |    11 |    34 |    34 |       ||    79
       Long sword        |       |       |    23 |    18 ||    41
